 Dungeon Crawl Stone Soup version 0.28-a0-1613-gdaab1c2f9b (webtiles) character file.

Game seed: 11652767386055112902

3049 tatocazan the Unseen (level 9, 0/42 HPs)
             Began as a Spriggan Brigand on Jan 21, 2022.
             Was a Follower of Wu Jian.
             Slain by an orc priest (5 damage)
             ... on level 7 of the Dungeon.
             The game lasted 00:12:40 (10417 turns).

tatocazan the Unseen (Spriggan Brigand)            Turns: 10417, Time: 00:12:41

Health: 0/42       AC:  3    Str:  7    XL:     9   Next: 57%
Magic:  10/10      EV: 21    Int: 12    God:    Wu Jian [*.....]
Gold:   411        SH:  0    Dex: 21    Spells: 8/8 levels left

rFire   . . .      SeeInvis +   a - +2 dagger
rCold   . . .      Faith    .   (no shield)
rNeg    . . .      Spirit   .   b - +0 robe
rPois   .          Reflect  .   (helmet restricted)
rElec   .          Harm     .   c - +0 cloak
rCorr   .          Rampage  .   (gloves unavailable)
Will    +....                   (boots unavailable)
Stlth   ++++++....              (no amulet)
HPRegen 0.14/turn               k - +4 ring of evasion
MPRegen 0.12/turn               p - ring of flight

@: flying, very quick
A: very small, no large weapons, unfitting armour, see invisible, speed 3
a: Renounce Religion


You were on level 7 of the Dungeon.
You worshipped Wu Jian.
Wu Jian was aware of your devotion.
You visited 2 branches of the dungeon, and saw 8 of its levels.
You also visited: Sewer.

You collected 411 gold pieces.

Inventory:

Hand Weapons
 a - a +2 dagger (weapon)
Missiles
 d - 10 poisoned darts (quivered)
 e - 5 curare-tipped darts
Armour
 b - a +0 robe (worn)
 c - a +0 cloak (worn)
Jewellery
 k - a +4 ring of evasion (left hand)
 p - a ring of flight (right hand)
 s - a ring of magical power
 x - a +4 ring of evasion
Scrolls
 f - a scroll of enchant weapon {unknown}
 g - 8 scrolls of identify
 i - a scroll of fog {unknown}
 j - 2 scrolls of teleportation {unknown}
 l - a scroll of amnesia {unknown}
 n - 4 scrolls of vulnerability {unknown}
 q - a scroll of blinking {unknown}
 u - a scroll of magic mapping
 v - a scroll of acquirement {unknown}
Potions
 h - 3 potions of might
 m - a potion of flight {unknown}
 o - a potion of mutation {unknown}
 t - a potion of magic {unknown}
 w - a potion of heal wounds {unknown}


   Skills:
 + Level 1.6 Fighting
 + Level 10.6 Short Blades
 * Level 2.0 Throwing
 + Level 1.5 Dodging
 + Level 15.4 Stealth


You had 8 spell levels left.
You didn't know any spells.
Your spell library contained the following spells:

 Spells                   Type           Power      Damage    Failure   Level
 Animate Skeleton         Necr           0%         N/A       32%         1
 Pain                     Necr           0%         1d4       32%         1
 Ozocubu's Armour         Ice            0%         N/A       69%         3
 Vampiric Draining        Necr           0%         2d6       69%         3
 Hailstorm                Conj/Ice       0%         3d3       97%         4
 Ice Form                 Ice/Tmut       0%         N/A       97%         4
 Dispersal                Tloc           0%         N/A       100%        6
 Simulacrum               Ice/Necr       0%         N/A       100%        6
 Ozocubu's Refrigeration  Ice            0%         4d5       100%        7
 Disjunction              Tloc           0%         N/A       100%        8


Dungeon Overview and Level Annotations

Branches:
Dungeon (7/15)             Temple (1/1) D:5           Sewer (visited)

Altars:
Cheibriados
Elyvilon
Hepliaklqana
Qazlal
Vehumet
Wu Jian
Yredelemnul

Shops:
D:1 ?

Annotations:
D:7 fragbeetle's ghost, novice HOMo


Innate Abilities, Weirdness & Mutations

You are very small and have problems with some larger weapons.
You are too small for most types of armour.
You have supernaturally acute eyesight. (SInv)
You cover ground extremely quickly. (Speed+++)


Message History

The orc is heavily wounded.
The orc wizard hits you with a +0 dagger.
The orc priest mumbles some strange prayers to Beogh against you.
You resist with some effort.
You take 4 damage, and have 24/41 hp.
You spin and attack the orc repeatedly.
You hit the orc but do no damage.
The orc is heavily wounded.
You closely miss the orc.
The orc is heavily wounded.
The orc completely misses you.
You lunge at the orc wizard.
You hit the orc wizard.
You kill the orc wizard!
The Council accepts your kill.
You spin and attack the orc.
You hit the orc but do no damage.
The orc is heavily wounded.
The orc priest begins to cast a cantrip, but forgets the words!
You spin and attack the orc priest.
You hit the orc priest but do no damage.
The orc priest is almost dead.
You spin and attack the orc.
You hit the orc but do no damage.
The orc is heavily wounded.
The orc closely misses you.
Things that are here:
a +0 dagger; a +0 robe You spin and attack the orc priest.
You hit the orc priest but do no damage.
The orc priest is almost dead.
The orc priest hits you with a +0 hand axe.
You take 6 damage, and have 19/42 hp.
The orc priest mumbles some strange prayers to Beogh against you.
Beogh smites you!
* * * LOW HITPOINT WARNING * * *
You take 14 damage, and have 5/42 hp.
MASSIVE DAMAGE!!
You lunge at the orc priest.
You hit the orc priest.
The orc priest is almost dead.
The orc closely misses you.
You hit the orc priest but do no damage.
The orc priest is almost dead.
The orc priest hits you with a +0 hand axe.
You die...

...#######.######
######.#....[....##<.
#........####..#.####
#.####...)..........#
#......##.###.#>.##.#
#####.......#.#
#.#..)# #
..........>..!#
#.#.....#
###.....#####
#.#....## #...@.#
#.##...# #...oo#
#......# #.....#
####.#.. #.....#
#.#### . #....#
#.......# #. ..#....#
#.......# ###.#....#
#.##....# ....#....#
#. #....# .........#
#. #...?#


You could see an orc priest and an orc.

Vanquished Creatures
  A two-headed ogre (D:5)
  An unseen horror (D:6)
  A hornet (D:6)
  3 water moccasins
  Edmund (D:6)
  A sky beast (D:6)
  A black bear (D:5)
  3 necrophages
  2 kobold brigands (Sewer)
  A phantom (D:7)
  3 scorpions
  A water moccasin skeleton (D:5)
  2 killer bees
  A howler monkey (D:6)
  2 hounds (D:6)
  A jelly (D:6)
  2 orc priests
  6 iguanas
  2 orc wizards
  A gnoll (D:7)
  A howler monkey skeleton (D:2)
  11 adders
  2 river rats (Sewer)
  A white imp (D:4)
  An ufetubus (D:5)
  An adder skeleton (D:5)
  An adder zombie (D:5)
  4 worms
  2 dart slugs (D:1)
  12 orcs
  8 ball pythons
  8 endoplasms
  4 giant cockroaches
  3 goblins
  3 hobgoblins
  6 jackals
  7 quokkas
  3 bats
  3 frilled lizards
  7 kobolds
  9 rats
133 creatures vanquished.

Vanquished Creatures (others)
  6 plants (Sewer)
6 creatures vanquished.

Grand Total: 139 creatures vanquished

Notes
Turn   | Place    | Note
-------+----------+-------------------------------------------
     0 | D:1      | tatocazan the Spriggan Brigand began the quest for the Orb.
     0 | D:1      | Reached XP level 1. HP: 10/10 MP: 2/2
   110 | D:1      | Reached skill level 6 in Stealth
   196 | D:1      | Found Witer's Magic Scroll Shoppe.
   440 | D:1      | Reached XP level 2. HP: 14/14 MP: 3/3
  1262 | D:1      | Found a faded altar of an unknown god.
  1417 | D:2      | Reached XP level 3. HP: 18/18 MP: 4/4
  1590 | D:2      | Reached skill level 7 in Stealth
  1758 | D:2      | Reached XP level 4. HP: 18/22 MP: 5/5
  3718 | D:4      | Reached skill level 8 in Stealth
  3718 | D:4      | Reached XP level 5. HP: 9/25 MP: 6/6
  4137 | D:4      | Noticed a water moccasin
  4144 | D:4      | Killed a water moccasin
  4145 | D:4      | Reached skill level 5 in Short Blades
  4145 | D:4      | Reached skill level 9 in Stealth
  4145 | D:4      | Reached XP level 6. HP: 30/30 MP: 7/7
  4620 | D:5      | Entered Level 5 of the Dungeon
  4979 | D:5      | Noticed a water moccasin
  5036 | D:5      | Found a staircase to the Ecumenical Temple.
  5067 | Temple   | Entered the Ecumenical Temple
  5074 | Temple   | Killed a water moccasin
  5388 | Temple   | Became a worshipper of the Wu Jian Council
  5503 | D:5      | Found a hazy altar of Hepliaklqana.
  5814 | D:5      | Noticed a two-headed ogre
  5829 | D:5      | Killed a two-headed ogre
  5830 | D:5      | Reached skill level 11 in Stealth
  5830 | D:5      | Reached XP level 7. HP: 33/33 MP: 8/8
  5830 | D:5      | Reached XP level 8. HP: 37/37 MP: 9/9
  6231 | D:5      | Reached skill level 12 in Stealth
  7555 | D:6      | Found a glowing drain.
  7567 | Sewer    | Entered a sewer
  7617 | Sewer    | Reached skill level 13 in Stealth
  7705 | Sewer    | Reached * piety under Wu Jian
  8579 | D:6      | Noticed a hornet
  8581 | D:6      | Reached XP level 9. HP: 41/41 MP: 10/10
  8585 | D:6      | Reached skill level 14 in Stealth
  8775 | D:6      | Noticed Edmund
  8847 | D:6      | Killed Edmund
  9280 | D:6      | Noticed an unseen horror
  9282 | D:6      | Killed an unseen horror
  9283 | D:6      | Reached skill level 10 in Short Blades
  9290 | D:6      | Reached skill level 15 in Stealth
  9469 | D:7      | Noticed a centaur warrior
  9471 | D:7      | Noticed a boulder beetle
  9480 | D:7      | Noticed fragbeetle's ghost (novice HOMo)
 10417 | D:7      | Slain by an orc priest

Illustrated notes

Levels and vault maps discovered:
D:1:      amcnicky_arrival_flooded_fountain, layout_loops_ring, serial_shops,
          nicolae_shop_trees, basic_ecumenical_altar, minmay_misc_feat_chi,
          chequers_serial_rivers_large_b
D:2:      layout_loops_ring
D:3:      layout_loops_ring
D:4:      layout_loops_corners
D:5:      layout_loops_ring, mainiacjoe_overflow_tiny_flanked,
          minmay_temple_entry_tees, item_on_display_a
D:6:      layout_basic, cheibrodos_sewer_entry_drain, uniq_edmund
D:7:      layout_basic, gammafunk_ghost_arena
Temple:   oiseaux_autumnal_temple

Skill      XL: |  1  2  3  4  5  6  7  8  9 |
---------------+----------------------------+-----
Stealth        | 6 7 8 9 11 13 15 | 15.4
Short Blades   | 3 4 5 7 9 10 | 10.6
Fighting       | |  1.6
Throwing       | |  2.0
Dodging        | |  1.5

Action                   |  1- 3 |  4- 6 |  7- 9 || total
-------------------------+-------+-------+-------++-------
Melee: Dagger            |   113 |   209 |   330 ||   652
       Punch             |       |     4 |     6 ||    10
Throw: Dart              |       |    20 |    29 ||    49
Invok: Lunge             |       |     2 |    33 ||    35
       Whirlwind         |       |       |    39 ||    39
Evoke: Wand              |       |     4 |     7 ||    11
  Use: Scroll            |       |       |     4 ||     4
       Potion            |       |       |     2 ||     2
 Stab: Sleeping          |    11 |    17 |    25 ||    53
       Paralysed         |       |     3 |     4 ||     7
       Distracted        |       |       |     1 ||     1
Armor: Robe              |    12 |    17 |    12 ||    41
Dodge: Dodged            |    70 |   139 |   158 ||   367

Table legend: (Time is in decaauts)
 A = Elapsed time spent in this place.
 B = Non-inter-level travel time spent in this place.
 C = Inter-level travel time spent in this place.
 D = Time resting spent in this place.
 E = Time spent auto-exploring this place.
 F = Levels seen in this place.
 G = Mean time per level.
                   A        B        C        D        E       F      G
               +--------+--------+--------+--------+--------+-----+--------+
         Total |   8242 |   8129 |    113 |   3525 |   3430 |   9 |  915.8 |
       Dungeon |   7321 |   7217 |    104 |   3017 |   3139 |   7 | 1045.9 |
        Temple |    313 |    304 |      9 |    270 |     17 |   1 |  313.0 |
         Sewer |    608 |    608 |      0 |    238 |    273 |   1 |  608.0 |
               +--------+--------+--------+--------+--------+-----+--------+

Top non-repeatable levels by time:
     D:5: 1938 daAuts
     D:6: 1480 daAuts
     D:1: 1121 daAuts
     D:4: 1035 daAuts
     D:3: 801 daAuts
   Sewer: 608 daAuts
     D:2: 588 daAuts
     D:7: 355 daAuts
  Temple: 313 daAuts
